 Dungeon Crawl Stone Soup version 0.28-a0-105-g49a0850c41 (webtiles) character file.

Game seed: 10126289739657659163

22 dduke234 the Cutter (level 3, 0/23 HPs)
             Began as a Kobold Monk on Aug 11, 2021.
             Slain by Natasha (6 damage)
             ... on level 2 of the Dungeon.
             The game lasted 00:01:52 (1556 turns).

dduke234 the Cutter (Kobold Monk)                   Turns: 1556, Time: 00:01:52

Health: 0/23       AC:  2    Str:  8    XL:     3   Next: 7%
Magic:  3/3        EV: 16    Int: 11    God:
Gold:   106        SH:  0    Dex: 18    Spells: 2/2 levels left

rFire   . . .      SeeInvis .   a - +0 short sword
rCold   . . .      Faith    .   (shield restricted)
rNeg    . . .      Spirit   .   b - +0 robe
rPois   .          Reflect  .   (no helmet)
rElec   .          Harm     .   (no cloak)
rCorr   .          Rampage  .   (no gloves)
Will    .....                   (no boots)
Stlth   +++.......              (no amulet)
HPRegen 0.07/turn               (no ring)
MPRegen 0.08/turn               (no ring)

@: about to teleport
A: small, no large weapons, nightstalker 3
a: no special abilities


You were on level 2 of the Dungeon.
You visited 1 branch of the dungeon, and saw 2 of its levels.

You collected 106 gold pieces.

Inventory:

Hand Weapons
 a - a +0 short sword (weapon)
Armour
 b - a +0 robe (worn)


   Skills:
 * Level 3.5 Fighting
 * Level 4.5 Short Blades
 * Level 4.0 Dodging
 * Level 3.1 Stealth


You had 2 spell levels left.
You didn't know any spells.
Your spell library was empty.

Dungeon Overview and Level Annotations

Branches:
Dungeon (2/15)

Altars:

Annotations:
D:2 Natasha


Innate Abilities, Weirdness & Mutations

You are small and have problems with some larger weapons.
You are completely attuned to the shadows.


Message History

You impale the quokka!!
You kill the quokka!
No target in view!
No target in view!
No target in view!
Found 3 boomerangs.
No target in view!
Natasha, Servant of Life and Death comes into view.
Natasha is nearby!
Natasha hisses angrily.
Found a stone staircase leading down.
You barely miss Natasha. Natasha claws you.
You hit Natasha.
Natasha is lightly wounded.
Natasha casts a spell at you. The magic dart hits you.
You hit Natasha.
Natasha is lightly wounded.
Natasha closely misses you.
You barely miss Natasha.
Natasha is lightly wounded.
Natasha stares at you and mumbles some strange words.
The magic dart hits you!
* * * LOW HITPOINT WARNING * * *
You are too injured to fight recklessly!
You are too injured to fight recklessly!
You are too injured to fight recklessly!
You are too injured to fight recklessly!
You are too injured to fight recklessly!
You are too injured to fight recklessly!
You are too injured to fight recklessly!
You aren't carrying any potions.
As you read the scroll of teleportation, it crumbles to dust.
You feel strangely unstable. Natasha misses you.
You closely miss Natasha.
Natasha is lightly wounded.
You completely miss Natasha.
Natasha is lightly wounded.
Natasha claws you.
You die...

.....##(####.#
.....+.......#
.....##.######
........#
##......####
#.......####
#.........(#
.###..........#
>..h@.........#
.....#........#
.....#........#
.....#........####
.....#...........#
#...........#
########....#
#....# #....#


You could see Natasha.

Vanquished Creatures
  A dart slug (D:1)
  An endoplasm (D:1)
  2 hobgoblins (D:1)
  A quokka (D:2)
  8 ball pythons
  2 bats
  3 frilled lizards (D:1)
  3 kobolds (D:1)
  A rat (D:1)
22 creatures vanquished.

Notes
Turn   | Place    | Note
-------+----------+-------------------------------------------
     0 | D:1      | dduke234 the Kobold Monk began the quest for the Orb.
     0 | D:1      | Reached XP level 1. HP: 14/14 MP: 1/1
   502 | D:1      | Reached XP level 2. HP: 10/19 MP: 2/2
  1398 | D:2      | Reached XP level 3. HP: 18/23 MP: 3/3
  1547 | D:2      | Noticed Natasha
  1556 | D:2      | Slain by Natasha

Illustrated notes

Levels and vault maps discovered:
D:1:      heliophobic_arrival_enchanted_forest, layout_loops_ring,
          minmay_misc_feat_x
D:2:      layout_basic, shapermc_ecumenical_altar_notcrosses, uniq_natasha,
          uniq_robin

Skill      XL: |  1  2 |
---------------+-------+-----
Dodging        | 4 |  4.0
Stealth        | 3 |  3.1
Fighting       | |  3.5
Short Blades   | |  4.5

Action                   || total
-------------------------++-------
Melee: Short sword       ||    68
  Use: Scroll            ||     4
 Stab: Sleeping          ||    13
Armor: Robe              ||     3
Dodge: Dodged            ||    38

Table legend: (Time is in decaauts)
 A = Elapsed time spent in this place.
 B = Non-inter-level travel time spent in this place.
 C = Inter-level travel time spent in this place.
 D = Time resting spent in this place.
 E = Time spent auto-exploring this place.
 F = Levels seen in this place.
 G = Mean time per level.
                   A        B        C        D        E       F      G
               +--------+--------+--------+--------+--------+-----+--------+
         Total |   1548 |   1515 |     33 |      0 |   1374 |   2 |  774.0 |
       Dungeon |   1548 |   1515 |     33 |      0 |   1374 |   2 |  774.0 |
               +--------+--------+--------+--------+--------+-----+--------+

Top non-repeatable levels by time:
     D:1: 1375 daAuts
     D:2: 173 daAuts
